 Dungeon Crawl Stone Soup version 0.22.0-40-g68aacdc4c8 (webtiles) character file.

84 Kaderl the Charmwright (level 4, 0/34 HPs)
             Began as a Human Skald on Sept 1, 2018.
             Slain by Terence
             ... wielding a +1 mace of venom
              (4 damage)
             ... on level 2 of the Dungeon.
             The game lasted 00:09:50 (1352 turns).

Kaderl the Charmwright (Human Skald)                Turns: 1352, Time: 00:09:50

Health: 0/34       AC:  4    Str: 12    XL:     4   Next: 72%
Magic:  3/7        EV: 12    Int: 13    God:
Gold:   76         SH:  0    Dex: 13    Spells: 5/8 levels left

rFire    . . .     SeeInvis .   a - +0 spear
rCold    . . .     Gourm    .   (no shield)
rNeg     . . .     Faith    .   b - +0 leather armour
rPois    .         Spirit   .   (no helmet)
rElec    .         Reflect  .   (no cloak)
rCorr    .         Harm     .   c - +0 pair of gloves
MR       .....                  (no boots)
Stlth    +.........             (no amulet)
HPRegen  0.11/turn              (no ring)
MPRegen  0.10/turn              (no ring)

@: lethally poisoned (0 -> -22), infused (expiring)
A: no striking features
a: no special abilities


You were on level 2 of the Dungeon.
You were not hungry.

You visited 1 branch of the dungeon, and saw 2 of its levels.

You collected 76 gold pieces.

Inventory:

Hand Weapons
 a - a +0 spear (weapon)
Missiles
 g - 9 poisoned needles
Armour
 b - a +0 leather armour (worn)
 c - a +0 pair of gloves (worn)
Scrolls
 e - 2 scrolls of identify
 h - 2 scrolls of noise
 l - 2 scrolls of enchant armour {unknown}
Potions
 f - a potion of degeneration {unknown}
 j - a potion of flight
 k - a potion of heal wounds
Comestibles
 d - 2 rations


   Skills:
 + Level 2.4 Fighting
 + Level 2.7 Polearms
 + Level 1.6 Armour
 + Level 2.3 Dodging
 + Level 0.6 Stealth
 + Level 2.5 Spellcasting
 + Level 3.3 Charms


You had 5 spell levels left.
You knew the following spells:

 Your Spells              Type           Power        Failure   Level  Hunger
a - Infusion              Chrm           ##..         8%          1    #......
b - Shroud of Golubria    Chrm/Tloc      #.........   24%         2    ###....

Your spell library contained the following spells:

 Spells                   Type           Power        Failure   Level  Hunger
 Song of Slaying          Chrm           ##......     12%         2    ###....
 Regeneration             Chrm/Necr      #.........   43%         3    ###....
 Spectral Weapon          Hex/Chrm       #.......     43%         3    ###....


Dungeon Overview and Level Annotations

Branches:
Dungeon (2/15)

Altars:

Annotations:
D:2 Terence


Message History

You hit Terence.
Terence is heavily wounded.
Your shroud unravels.
Your magical infusion is running out.
You feel sick.
Attack whom?
Press: ? - help, Dir - move target cursor, f/p - Terence
Aim: Terence, wielding a mace of venom, wearing a chain mail and carrying a wand of flame (28) (heavily wounded)
You hit Terence but do no damage.
Terence is heavily wounded.
* * * LOW HITPOINT WARNING * * *
You feel very sick. Terence barely misses you.
* * * LOW HITPOINT WARNING * * *
You feel sick. Terence closely misses you.
* * * LOW HITPOINT WARNING * * *
You feel sick.
There is a stone staircase leading up here.
* * * LOW HITPOINT WARNING * * *
You feel sick. Terence hits you with a mace of venom.
You die...

###......#..............##...
#........#..............##...
#........#...#####.#......##.
###............# #.#......*#.
#..............#####.###....*#.
#............#.......#,,..#....
#............#.......#....*,#.#
#............#......##....#.#.#
###............#@@....#,......#>#
.....#.........#...####,......#.#
###...................,,......#.#
#.........###.........,.......#
#.....................#####...)
#...........#...###............
######........#..................
.....#.....##.#.#................
####.#........#.#................


You could see Terence.

Vanquished Creatures
  3 adders (D:2)
  An ooze (D:2)
  3 worms (D:2)
  A dart slug (D:1)
  A leopard gecko (D:1)
  A giant cockroach (D:2)
  4 hobgoblins
  10 jackals (D:2)
  A quokka (D:2)
  6 bats
  3 goblins (D:2)
  6 kobolds
  A rat (D:2)
41 creatures vanquished.

Notes
Turn   | Place    | Note
-------+----------+-------------------------------------------
     0 | D:1      | Kaderl the Human Skald began the quest for the Orb.
     0 | D:1      | Reached XP level 1. HP: 16/16 MP: 3/3
   208 | D:1      | Reached XP level 2. HP: 15/22 MP: 0/5
   560 | D:2      | Found a faded altar of an unknown god.
   606 | D:2      | Reached XP level 3. HP: 14/27 MP: 0/6
   774 | D:2      | Learned a level 2 spell: Shroud of Golubria
   805 | D:2      | Reached XP level 4. HP: 21/34 MP: 4/7
  1154 | D:2      | Noticed Terence
  1352 | D:2      | Slain by Terence

Action                   |  1- 3 |  4- 6 || total
-------------------------+-------+-------++-------
Melee: Spear             |    92 |    83 ||   175
 Cast: Infusion          |    10 |     3 ||    13
       Shroud of Golubri |       |     2 ||     2
  Use: Scroll            |     3 |     3 ||     6
       Potion            |     2 |       ||     2
  Eat: Ration            |       |     1 ||     1
Armor: Leather armour    |    27 |    10 ||    37
Dodge: Dodged            |    66 |    37 ||   103
